Map: 16 bits EC

Players

MoonMan

  • Race: Terran Terran
  • League: Diamond
  • Spawn Location: 1:00

HoldTheDoor - Winner!

  • Race: Protoss Protoss
  • League: Diamond
  • Spawn Location: 7:00

VOD

Have the link to the VOD?

Description

Time

  • Played on: July 5, 2018, 10:52 a.m.
  • Length: 17:57
Show
View Real Time Build Order
Export as new Build Order

MoonMan Terran 

Build Orders: MMM Bio 

Get SALT Encoding   

  12  0:02  SCV  
  13  0:14  SCV  
  13  0:20  Supply Depot  
  14  0:27  Refinery  
  14  0:29  SCV  
  15  0:42  SCV  
  16  0:48  Barracks  
  16  0:56  SCV  
  17  1:08  SCV  
  18  1:20  SCV  
  19  1:32  SCV  
  20  1:46  Command Center  
  20  1:49  Supply Depot  
  20  1:53  Reaper  
  21  1:56  SCV  
  22  2:08  Orbital Command  
  22  2:20  Refinery  
  22  2:33  Barracks Tech Lab  
  22  2:38  SCV, Factory  
  23  2:50  SCV, Barracks  
  24  3:02  SCV  
  24  3:03  SCV  
  26  3:15  SCV x2  
  26  3:17  Stimpack  
  28  3:20  Marine  
  28  3:23  Factory Tech Lab  
  28  3:27  SCV x2  
  31  3:36  Starport  
  31  3:39  SCV  
  31  3:40  SCV  
  33  3:51  SCV  
  33  3:52  SCV  
  34  4:02  Barracks Reactor  
  34  4:04  Siege Tank  
  34  4:05  SCV  
  34  4:07  SCV  
  34  4:09  Refinery  
  39  4:12  Marine  
  39  4:16  Starport Reactor  
  40  4:17  SCV  
  40  4:19  SCV  
  42  4:27  Supply Depot  
  42  4:31  Barracks  
  42  4:34  Engineering Bay  
  42  4:41  Marine x2  
  42  4:44  Siege Tank  
  47  4:47  SCV  
  47  4:50  Supply Depot  
  47  4:52  Refinery  
  48  5:01  Engineering Bay  
  48  5:02  Terran Infantry Weapons Level 1  
  48  5:04  SCV  
  49  5:11  Marine x2  
  49  5:12  Marine  
  52  5:19  Siege Tank  
  55  5:28  Supply Depot, Barracks Reactor  
  55  5:29  Marine  
  55  5:30  Orbital Command  
  55  5:33  Terran Infantry Armor Level 1  
  56  5:37  Marine  
  56  5:39  Marine  
  56  5:40  Medivac  
  60  5:46  Marine  
  60  5:48  Combat Shield  
  61  5:55  Marine  
  61  5:56  SCV  
  63  5:58  SCV  
  64  6:06  Marine x2  
  64  6:08  SCV  
  64  6:11  SCV  
  68  6:22  Marine x2  
  70  6:26  Armory  
  70  6:28  SCV  
  71  6:34  Missile Turret  
  71  6:40  Missile Turret  
  71  6:41  SCV  
  71  6:42  Siege Tank  
  71  6:44  Marine x3  
  71  6:45  Medivac x2  
  82  6:50  Starport  
  82  6:51  Supply Depot  
  82  7:15  Terran Vehicle And Ship Armor Level 1  
  82  7:17  Viking  
  82  7:18  Viking  
  86  7:37  Marine x5  
  86  7:39  Siege Tank  
  86  7:43  Starport Tech Lab  
  94  7:47  Viking  
  94  7:48  Viking  
  94  7:49  Supply Depot  
  98  7:55  Terran Infantry Weapons Level 2, Marine x2  
  100  8:14  Supply Depot  
  100  8:17  Command Center  
  97  8:46  Marine  
  97  8:47  Marine x4  
  102  8:49  Medivac x2  
  102  8:51  Raven  
  102  8:52  Siege Tank  
  111  9:04  Marine  
  111  9:05  Marine  
  111  9:08  Barracks  
  113  9:12  Marine x3  
  113  9:15  Barracks  
  116  9:19  Viking  
  116  9:20  Viking  
  116  9:21  SCV  
  116  9:22  Marine  
  116  9:23  Marine  
  123  9:24  Siege Tank  
  126  9:33  SCV  
  108  10:08  Marine x5  
  108  10:09  Marine x2  
  108  10:11  Viking x2  
  119  10:26  Marine x3  
  122  10:50  Viking x2  
  122  10:52  Marine x2, Barracks Reactor  
  122  10:54  Barracks Reactor  
  128  11:00  Orbital Command  
  128  11:05  Marine  
  128  11:06  Marine  
  128  11:07  Siege Tank  
  128  11:10  Raven  
  135  11:19  Missile Turret  
  135  11:20  Supply Depot, Viking x2  
  135  11:24  Supply Depot x2  
  135  11:25  Terran Infantry Weapons Level 3  
  139  11:26  Terran Infantry Armor Level 2  
  139  11:27  Terran Vehicle And Ship Armor Level 2  
  139  11:40  Liberator  
  139  11:50  Viking x2  
  139  11:51  Marine x5  
  151  12:03  Missile Turret  
  151  12:20  Viking x2  
  155  12:48  Starport  
  155  12:50  Fusion Core, Viking x2  
  159  12:51  Marine  
  159  12:52  Marine x2  
  159  12:53  Concussive Shells  
  159  12:55  SCV  
  163  12:58  Refinery  
  163  12:59  Refinery  
  163  13:07  SCV  
  163  13:11  Command Center  
  164  13:19  Siege Tank  
  166  13:30  Factory  
  166  13:45  Missile Turret  
  166  13:47  Marine x4  
  170  13:52  Missile Turret  
  170  13:53  SCV  
  170  13:55  Weapon Refit  
  171  14:05  SCV  
  171  14:09  Barracks  
  172  14:12  Barracks  
  172  14:13  Raven  
  174  14:17  SCV  
  174  14:19  Supply Depot x2  
  174  14:27  Planetary Fortress  
  174  14:29  Command Center  
  174  14:52  Factory  
  174  14:55  Factory Tech Lab  
  174  14:57  Terran Vehicle Weapons Level 1  
  173  15:10  SCV  
  166  15:22  SCV  
  71  15:46  Marine x6  
  71  15:47  Marine x3  
  61  16:01  Medivac x2  
  61  16:02  Siege Tank, Medivac  
  61  16:03  Medivac  
  61  16:04  Marine x8  
  69  16:05  Marine  
  69  16:07  Supply Depot  
  67  16:21  Marine  
  67  16:22  Marine x6  
  71  16:28  Marine x2  
  72  16:39  Marine x3  
  73  16:40  Supply Depot, Marine x2  
  73  16:42  Marine x2  
  79  16:47  Medivac  
  79  16:48  Medivac  
  83  17:01  Marine x3  
  83  17:07  Marine x2  
  88  17:09  Marine x2  
  90  17:25  Marine x2  
Show
View Real Time Build Order
Export as new Build Order

HoldTheDoor Protoss - Winner!

Build Orders: 1 Gate Expand 

Get SALT Encoding   

  12  0:02  Probe  
  13  0:14  Probe  
  14  0:20  Pylon  
  14  0:26  Probe  
  15  0:37  Probe  
  15  0:40  Gateway  
  16  0:45  Probe  
  16  0:46  Assimilator  
  17  0:53  Probe  
  18  1:04  Probe  
  19  1:23  Nexus  
  19  1:33  Cybernetics Core  
  19  1:40  Assimilator  
  19  1:42  Probe  
  20  1:54  Pylon  
  20  1:55  Probe  
  21  2:05  Warp Gate  
  21  2:07  Probe  
  22  2:11  Stalker  
  24  2:19  Probe  
  25  2:29  Robotics Facility  
  25  2:31  Probe  
  25  2:36  Probe  
  27  2:42  Stalker  
  29  2:49  Probe  
  30  2:56  Gateway  
  30  3:02  Probe  
  31  3:07  Probe  
  31  3:11  Pylon  
  32  3:13  Stalker  
  32  3:17  Observer  
  32  3:18  Probe  
  36  3:24  Assimilator  
  36  3:25  Probe  
  37  3:31  Pylon  
  37  3:33  Immortal, Probe  
  42  3:54  Probe x2  
  42  4:06  Probe x2  
  44  4:13  Immortal  
  48  4:18  Stalker x2  
  52  4:41  Zealot x2  
  56  4:47  Twilight Council  
  56  4:48  Probe x2  
  56  4:49  Robotics Bay  
  58  4:54  Assimilator  
  58  5:00  Probe  
  59  5:09  Pylon  
  59  5:21  Probe x2  
  60  5:28  Immortal  
  65  5:29  Stalker x2  
  65  5:35  Charge, Pylon  
  69  5:39  Extended Thermal Lance  
  69  5:41  Probe  
  70  5:47  Pylon  
  70  5:53  Probe x2  
  70  5:55  Forge  
  72  5:58  Forge  
  72  6:02  Pylon  
  72  6:05  Probe  
  72  6:08  Colossus  
  73  6:11  Pylon  
  79  6:19  Protoss Ground Armor Level 1  
  79  6:21  Probe  
  79  6:22  Probe  
  79  6:24  Protoss Shields Level 1  
  81  6:37  Probe x2  
  83  6:43  Gateway  
  83  6:45  Gateway  
  83  6:49  Probe x2  
  85  6:59  Stalker x2, Pylon  
  89  7:15  Nexus  
  89  7:23  Colossus  
  95  7:34  Pylon  
  95  7:37  Assimilator  
  95  7:38  Probe, Assimilator  
  95  7:43  Pylon  
  96  7:46  Photon Cannon  
  96  7:50  Photon Cannon  
  96  7:55  Photon Cannon  
  96  7:58  Pylon  
  96  8:03  Protoss Ground Weapons Level 1, Zealot  
  96  8:04  Zealot  
  100  8:08  Protoss Ground Armor Level 2  
  95  8:31  Zealot x3  
  95  8:32  Zealot  
  99  8:43  Probe x2  
  99  8:48  Photon Cannon  
  101  8:51  Pylon  
  101  8:54  Photon Cannon  
  101  8:55  Probe  
  102  8:56  Probe  
  102  9:00  Probe  
  104  9:08  Photon Cannon  
  104  9:12  Pylon  
  104  9:17  Probe x2  
  106  9:25  Templar Archives  
  106  9:28  Pylon  
  106  9:29  Pylon  
  106  9:32  Zealot x2  
  106  9:35  Zealot  
  112  9:47  Zealot  
  103  10:02  Probe x3  
  106  10:14  Probe x3  
  106  10:17  Pylon  
  109  10:22  Photon Cannon  
  109  10:23  Photon Cannon  
  109  10:25  Shield Battery  
  109  10:26  Probe x3  
  112  10:28  Protoss Ground Armor Level 3  
  112  10:32  Protoss Ground Weapons Level 2, Photon Cannon  
  112  10:38  Probe x2  
  112  10:40  High Templar  
  112  10:41  High Templar  
  112  10:42  High Templar  
  120  10:44  High Templar  
  120  10:46  Archon, Photon Cannon  
  120  10:48  Archon, Photon Cannon  
  122  10:54  Colossus  
  122  11:08  Probe x2  
  122  11:10  Probe  
  131  11:19  Photon Cannon  
  131  11:22  Probe x2  
  133  11:25  Photon Cannon  
  133  11:28  Probe, Pylon  
  134  11:33  High Templar x4  
  134  11:36  Archon  
  134  11:37  Archon  
  134  11:38  Immortal  
  142  11:43  Gateway  
  142  11:44  Gateway  
  146  11:57  Gateway  
  146  12:01  Gateway  
  146  12:10  Gateway  
  146  12:14  Gateway  
  146  12:17  Pylon  
  146  12:21  Pylon  
  146  12:22  Gateway  
  146  12:25  Gateway  
  146  12:28  Immortal  
  146  12:30  High Templar x3  
  146  12:31  High Templar  
  146  12:32  Pylon  
  146  12:34  Archon x2  
  154  12:38  Protoss Shields Level 2  
  154  12:43  Psionic Storm  
  158  13:02  Protoss Ground Weapons Level 3  
  158  13:11  Assimilator  
  158  13:24  Nexus  
  158  13:27  Pylon  
  158  13:29  Pylon  
  158  13:35  Pylon  
  158  13:40  Assimilator  
  158  13:41  Pylon, High Templar x5  
  160  13:42  High Templar x4  
  160  13:44  High Templar  
  160  13:45  Immortal  
  160  13:47  Archon x4  
  160  13:48  Pylon  
  178  13:49  Archon  
  178  13:55  Pylon  
  182  14:02  Pylon  
  182  14:10  Gateway  
  182  14:11  Gateway  
  182  14:14  Gateway  
  182  14:16  Gateway  
  182  14:19  Pylon  
  182  14:41  Stalker x3  
  188  14:53  Probe  
  114  15:58  Zealot x3  
  114  15:59  Zealot x7  
  114  16:00  Zealot x2  
  132  16:13  Immortal  
  132  16:38  Zealot  
  132  16:39  Zealot x7  
  148  16:40  Zealot x4  
  148  16:45  Immortal  
Tags
 
Composition
MMM Bio
Matchup
PvT
Spawn Locations
Cross Positions
Add a new tag
Caveats
  • Supply blocks, unpowered buildings, or Contaminate may cause inaccurate times.
  • Supply counts are checked every 10 seconds.